 Dungeon Crawl Stone Soup version 0.31-a0-232-gb1c03b2570 (webtiles) character file.

Game seed: 6015673676851800549

268 qw the Shooter (level 6, 0/36 HPs)
             Began as a Gargoyle Hexslinger on July 7, 2023.
             Slain by Duvessa
             ... wielding a +0 rapier
              (13 damage)
             ... on level 4 of the Dungeon.
             The game lasted 00:01:00 (2277 turns).

qw the Shooter (Gargoyle Hexslinger)                Turns: 2277, Time: 00:01:00

Health: 0/36       AC: 10    Str: 10    XL:     6   Next: 21%
Magic:  7/7        EV: 10    Int: 13    God:
Gold:   115        SH:  0    Dex: 14    Spells: 6/7 levels left

rFire   . . .        Y - +1 sling
rCold   . . .        (no shield)
rNeg    + + +        h - +0 ring mail
rPois   inf          (no helmet)
rElec   +            b - +0 cloak
rCorr   .            (no gloves)
SInv    .            (no boots)
Will    +....        (no amulet)
Stlth   +            f - ring "Qitig" {*Corrode rN++ Will+ Slay+4}
HPRegen 0.26/turn    (no ring)
MPRegen 0.10/turn

%: corrode self (3%)
@: no status effects
A: sickness immunity, AC +4, negative energy resistance 1, electricity
resistance, torment resistance 1, petrification resistance, weak 1
a: no special abilities


You were on level 4 of the Dungeon.
You visited 1 branch of the dungeon, and saw 4 of its levels.

You collected 181 gold pieces.
You spent 66 gold pieces at shops.


Innate Abilities, Weirdness & Mutations

You are immune to sickness and miasma.
Your stone body is resilient. (AC +4)
You are immune to poison.
You resist negative energy. (rN+)
You are resistant to electric shocks. (rElec)
You are resistant to unholy torment.
You are immune to petrification.
You are weak. (Str -2)


   Skills:
 + Level 2.6 Fighting
 - Level 5.5 Ranged Weapons
 - Level 1.9 Armour
 - Level 1.5 Dodging
 - Level 1.0 Spellcasting
 - Level 2.6 Hexes


You had 6 spell levels left.
You knew the following spells:

 Your Spells              Type           Power      Damage    Failure   Level
a - Slow                  Hex            28%        N/A       24%         1

Your spell library contained the following spells:

 Spells                   Type           Power      Damage    Failure   Level
 Inner Flame              Hex/Fire       4%         N/A       77%         3
 Portal Projectile        Hex/Tloc       8%         N/A       77%         3
 Cause Fear               Hex            3%         N/A       93%         4

Inventory:

Hand Weapons
 Y - a +1 sling (weapon)
Armour
 b - a +0 cloak (worn)
 h - a +0 ring mail (worn)
Jewellery
 f - the ring "Qitig" (left hand) {*Corrode rN++ Will+ Slay+4}
   (You found it on level 2 of the Dungeon)

   [ring of willpower]

   Slay:      It affects your accuracy & damage with ranged weapons and melee
   (+4).
   rN:        It greatly protects you from negative energy.
   *Corrode:  It may corrode you when you take damage.
   Will:      It increases your willpower.
Scrolls
 a - a scroll of identify
 e - 2 scrolls of teleportation
Potions
 c - a potion of magic {unknown}
 g - a potion of curing

Dungeon Overview and Level Annotations

Branches:
Dungeon (4/15)
 Temple: D:4-7

Altars:
Ashenzari
Trog
Zin

Shops:
D:3 ([

Annotations:
D:4 Duvessa


Message History

The sling bullet barely misses the hound.
The hound closely misses you. The hound bites you but does no damage.
You shoot a sling bullet.
The sling bullet closely misses the hound.
The hound closely misses you. The hound bites you but does no damage.
You shoot a sling bullet.
The sling bullet closely misses the hound.
The hound barely misses you. The hound bites you but does no damage.
You shoot a sling bullet. The sling bullet misses the hound.
The hound bites you but does no damage. The hound closely misses you.
You shoot a sling bullet.
The sling bullet barely misses the hound.
The hound bites you but does no damage.
You shoot a sling bullet. The sling bullet hits the hound.
The hound is severely wounded.
The hound barely misses you. The hound bites you but does no damage.
You shoot a sling bullet. The sling bullet hits the hound!
You kill the hound!
You start resting.
HP restored.
You see here a hound corpse.
Duvessa shouts!
Duvessa goes berserk!
You shoot a sling bullet. The sling bullet hits Duvessa.
Duvessa is lightly wounded.
You shoot a sling bullet.
The sling bullet hits Duvessa but does no damage.
Duvessa is lightly wounded.
Duvessa rages. x2
You shoot a sling bullet.
The sling bullet hits Duvessa but does no damage.
Duvessa is lightly wounded.
Duvessa hits you with a +0 rapier!
You shoot a sling bullet. The sling bullet hits Duvessa!
Duvessa is lightly wounded.
Duvessa hits you with a +0 rapier. Duvessa hits you with a +0 rapier!
You shoot a sling bullet.
The sling bullet closely misses Duvessa.
Duvessa hits you with a +0 rapier!
You die...

# #.........# ..# #
##.....##.# #.### #
##....##.####.#.. #
##.............#
########.##.####.###
.........##.####>####...
###########.............
#### ######%####...
...##### #@# ##.##[.
.......e# #.##.#
#####.... ##.##.#####
#..... ....[#.##..
......# ....###.#.#
##.....# ##.#.#.##.#
#.....# #..#.#.#.#
###.### ##.#####..#


You could see Duvessa (berserk).

Vanquished Creatures
  A scorpion (D:4)
  Dowan (D:4)
  A hound (D:4)
  An iguana (D:4)
  4 adders
  5 worms
  2 dart slugs
  2 orcs (D:3)
  2 endoplasms
  3 giant cockroaches (D:1)
  4 goblins
  2 hobgoblins
  2 jackals (D:1)
  6 kobolds
  2 quokkas (D:1)
  5 ball pythons
  4 bats
  3 frilled lizards
  7 rats
57 creatures vanquished.

Notes
Turn   | Place    | Note
-------+----------+-------------------------------------------
     0 | D:1      | qw the Gargoyle Hexslinger began the quest for the Orb.
     0 | D:1      | Reached XP level 1. HP: 12/12 MP: 2/2
     0 | D:1      | 0 ||| qw: Version: 0.3-a-46-gb1f654a
     0 | D:1      | 0 ||| qw: Game counter: 2946
     0 | D:1      | 0 ||| qw: Melee chars always use a shield: true
     0 | D:1      | 0 ||| qw: God list: Okawaru
     0 | D:1      | 0 ||| qw: Allow faded altars: false
     0 | D:1      | 0 ||| qw: Do Orc after clearing Dungeon:15 true
     0 | D:1      | 0 ||| qw: Do second Lair branch before Depths: true
     0 | D:1      | 0 ||| qw: Lair rune preference: random
     0 | D:1      | 0 ||| qw: Goals: Normal
     0 | D:1      | 0 ||| PLANNING D:1-11
    96 | D:1      | Reached XP level 2. HP: 16/16 MP: 3/3
    97 | D:1      | 97 ||| FLEEEEING.
    98 | D:1      | 98 ||| FLEEEEING.
    99 | D:1      | 99 ||| FLEEEEING.
   100 | D:1      | 100 ||| FLEEEEING.
   101 | D:1      | 101 ||| FLEEEEING.
   102 | D:1      | 102 ||| FLEEEEING.
   103 | D:1      | 103 ||| FLEEEEING.
   105 | D:1      | 105 ||| FLEEEEING.
   106 | D:1      | 106 ||| FLEEEEING.
   142 | D:1      | Reached skill level 3 in Ranged Weapons
   217 | D:1      | Reached XP level 3. HP: 21/21 MP: 4/4
   430 | D:1      | Found a broken altar of Ashenzari.
   436 | D:1      | 436 ||| READING 4 scrolls labelled NICIOQ VAENA.
   437 | D:1      | 437 ||| READING 3 scrolls labelled YGIBBO BEDIBB.
   442 | D:1      | 442 ||| READING 3 scrolls of identify.
   442 | D:1      | 442 ||| IDENTIFYING purple potion
   443 | D:1      | 443 ||| READING 2 scrolls of identify.
   443 | D:1      | 443 ||| IDENTIFYING ruby potion
   444 | D:1      | 444 ||| DROPPING scroll of poison.
   445 | D:1      | 445 ||| DROPPING potion of brilliance.
   468 | D:2      | 468 ||| STAIRDANCE
   546 | D:2      | Identified the ring "Qitig" {*Corrode rN++ Will+ Slay+4}
   901 | D:2      | Reached XP level 4. HP: 26/26 MP: 5/5
  1083 | D:2      | Reached skill level 4 in Ranged Weapons
  1189 | D:2      | 1189 ||| UPGRADING to ring "Qitig" {*Corrode rN++ Will+
                  | Slay+4}.
  1190 | D:2      | 1190 ||| READING scroll labelled EDEPOA KOPHOJY.
  1191 | D:2      | 1191 ||| READING scroll labelled VAGEITHRIACI.
  1192 | D:2      | 1192 ||| READING scroll labelled MECIOS CIESE.
  1193 | D:2      | 1193 ||| DRINKING 2 black potions.
  1193 | D:2      | Gained mutation: Potions are less effective at restoring
                  | your health. [potion of mutation]
  1193 | D:2      | Gained mutation: You are agile. (Dex +4, Str/Int -1)
                  | [potion of mutation]
  1194 | D:2      | 1194 ||| DRINKING potion of mutation.
  1194 | D:2      | Lost mutation: Potions are less effective at restoring your
                  | health. [potion of mutation]
  1194 | D:2      | Lost mutation: You are agile. (Dex +4, Str/Int -1) [potion
                  | of mutation]
  1194 | D:2      | Gained mutation: You have hidden genetic potential. [potion
                  | of mutation]
  1194 | D:2      | Gained mutation: You occasionally lose the ability to read
                  | scrolls when taking damage. [potion of mutation]
  1194 | D:2      | Lost mutation: You have hidden genetic potential. [potion
                  | of mutation]
  1194 | D:2      | Gained mutation: You are agile. (Dex +4, Str/Int -1)
                  | [potion of mutation]
  1195 | D:2      | 1195 ||| READING 2 scrolls of identify.
  1195 | D:2      | 1195 ||| IDENTIFYING blue potion
  1196 | D:2      | 1196 ||| DROPPING potion of ambrosia.
  1245 | D:3      | Found Qiexos's Weapon Emporium.
  1259 | D:3      | Found a bloodstained altar of Trog.
  1350 | D:3      | Found a glowing silver altar of Zin.
  1533 | D:3      | Found Ompoff's Armour Boutique.
  1533 | D:3      | Noticed an animated gold dragon scales
  1533 | D:3      | Noticed an animated gold dragon scales
  1537 | D:3      | 1537 ||| UPGRADING to +0 cloak.
  1548 | D:3      | 1548 ||| BUYING +0 leather armour (22 gold).
  1548 | D:3      | Bought a +0 leather armour for 22 gold pieces
  1548 | D:3      | 1548 ||| BUYING +0 ring mail (44 gold).
  1548 | D:3      | Bought a +0 ring mail for 44 gold pieces
  1548 | D:3      | 1548 ||| SHOPLISTING +1 ring mail of the Saviour {rF+} (253
                  | gold, have 88).
  1548 | D:3      | 1548 ||| UPGRADING to +0 leather armour.
  1558 | D:3      | 1558 ||| DROPPING +0 robe.
  1559 | D:3      | 1559 ||| UPGRADING to +0 ring mail.
  1569 | D:3      | 1569 ||| DROPPING +0 leather armour.
  1803 | D:3      | 1803 ||| DRINKING potion of mutation.
  1803 | D:3      | Lost mutation: You are agile. (Dex +4, Str/Int -1) [potion
                  | of mutation]
  1803 | D:3      | Lost mutation: You occasionally lose the ability to read
                  | scrolls when taking damage. [potion of mutation]
  1803 | D:3      | Gained mutation: You are weak. (Str -2) [potion of
                  | mutation]
  2050 | D:4      | Noticed Dowan
  2057 | D:4      | Reached skill level 1 in Armour
  2057 | D:4      | Reached XP level 5. HP: 30/30 MP: 6/6
  2069 | D:4      | Killed Dowan
  2087 | D:4      | Noticed Duvessa
  2088 | D:4      | 2088 ||| FLEEEEING.
  2098 | D:4      | 2098 ||| STAIRDANCE
  2187 | D:4      | Reached skill level 5 in Ranged Weapons
  2187 | D:4      | Reached XP level 6. HP: 35/35 MP: 7/7
  2277 | D:4      | Slain by Duvessa

Levels and vault maps discovered:
D:1:      dpeg_arrival_water_altar, layout_basic
D:2:      layout_loops_cross
D:3:      layout_basic, mainiacjoe_overflow_small_starburst, zin_treasury,
          serial_shops, shop, nicolae_shop_mannequins
D:4:      layout_loops_ring, mainiacjoe_overflow_catwalk,
          overflow_temple_1_default, guppyfry_shop_venom, uniq_duvessa,
          uniq_edmund

Skill      XL: |  1  2  3  4  5 |
---------------+----------------+-----
Ranged Weapons | 3 4 5 |  5.5
Fighting       | 2 |  2.6
Armour         | 1 |  1.9
Dodging        | |  1.5
Spellcasting   | |  1.0
Hexes          | |  2.6

Action                     |  1- 3 |  4- 6 || total
---------------------------+-------+-------++-------
   Fire: Sling             |   102 |   106 ||   208
    Use: Scroll            |     4 |     4 ||     8
         Potion            |       |     3 ||     3
 Armour: Robe              |    17 |     3 ||    20
         Ring mail         |       |    17 ||    17
  Dodge: Dodged            |    36 |    29 ||    65

Table legend:
 A = Non-vault XP
 B = Vault XP
 C = Vault XP percentage of total XP
 D = Non-vault monster count
 E = Vault monster count
 F = Vault count percentage of total count
                 A         B        C        D         E       F
            +---------+---------+-------+---------+---------+-------
      Total |     317 |      67 |  17.4 |      56 |       1 |   1.8
            +---------+---------+-------+---------+---------+-------
        D:1 |      44 |       0 |   0.0 |      25 |       0 |   0.0
        D:2 |      65 |       0 |   0.0 |      13 |       0 |   0.0
        D:3 |      37 |       0 |   0.0 |      13 |       0 |   0.0
        D:4 |     171 |      67 |  28.2 |       5 |       1 |  16.7
            +---------+---------+-------+---------+---------+-------
